 Dungeon Crawl Stone Soup version 0.32-a0-418-g34023cf50c (webtiles) character file.

Game seed: 7473660042293545225

101 Asfel the Insei (level 4, -2/37 HPs)
             Began as a Demonspawn Monk on Feb 21, 2024.
             Slain by a gnoll
             ... wielding a +0 halberd
              (4 damage)
             ... on level 2 of the Dungeon.
             The game lasted 00:02:39 (1300 turns).

Asfel the Insei (Demonspawn Monk)                   Turns: 1300, Time: 00:02:40

Health: -2/37      AC:  2    Str: 12    XL:     4   Next: 48%
Magic:  4/4        EV: 13    Int: 10    God:
Gold:   89         SH:  0    Dex: 17    Spells: 3/3 levels left

rFire   . .          .
                       - Unarmed
rCold   . . .        (no shield)
rNeg    . . .        a - +0 robe
rPois   .            (helmet restricted)
rElec   .            (no cloak)
rCorr   .            (no gloves)
SInv    .            (no boots)
Will    .....        (no amulet)
Stlth   ++           (no ring)
HPRegen 0.26/turn    (no ring)
MPRegen 0.09/turn

%: no passive effects
@: no status effects
A: horns 1, demonic guardian 1, spiny 1
a: no special abilities


You were on level 2 of the Dungeon.
You visited 1 branch of the dungeon, and saw 2 of its levels.

You collected 89 gold pieces.

Inventory:

Armour
 a - a +0 robe (worn)
 c - an orb of light
Scrolls
 e - a scroll of fear {unknown}
Potions
 b - a potion of ambrosia
 d - a potion of might {unknown}
 f - a potion of mutation {unknown}


   Skills:
 + Level 3.6 Fighting
 + Level 3.4 Dodging
 + Level 0.4 Stealth
 + Level 3.7 Unarmed Combat


You had 3 spell levels left.
You didn't know any spells.
Your spell library was empty.

Dungeon Overview and Level Annotations

Branches:
Dungeon (2/15)

Altars:


Innate Abilities, Weirdness & Mutations

You have a pair of small horns on your head.
A weak demonic guardian rushes to your aid.
You are partially covered in sharp spines.


Message History

A gnoll is nearby!
You hit the gnoll.
The gnoll is moderately wounded.
The gnoll is struck by your spines. The gnoll hits you with a +0 flail!
You hit the gnoll.
The gnoll is heavily wounded.
You hit the gnoll.
The gnoll is severely wounded.
The gnoll hits you with a +0 flail.
You barely miss the gnoll.
The gnoll is severely wounded.
The gnoll is struck by your spines. The gnoll hits you with a +0 flail.
You hit the gnoll.
You kill the gnoll!
You see here a +0 flail. 2 gnolls come into view.
There are monsters nearby!
The gnoll shouts!
The gnoll closely misses you. The gnoll is struck by your spines.
The gnoll hits you with a +0 spear.
You hit the gnoll.
The gnoll is lightly wounded.
The gnoll hits you from afar with a +0 halberd.
The gnoll closely misses you.
You hit the gnoll. You headbutt the gnoll.
The gnoll is severely wounded.
The gnoll hits you with a +0 spear.
The gnoll hits you from afar with a +0 halberd.
* * * LOW HITPOINT WARNING * * *
You hit the gnoll.
You kill the gnoll!
The gnoll barely misses you. The gnoll hits you with a +0 halberd!
* * * LOW HITPOINT WARNING * * *
A demonic guardian appears!
Things that are here:
a +0 spear; a gnoll corpse You hit the gnoll but do no damage.
The gnoll is struck by your spines. The gnoll hits you with a +0 halberd.
You die...

.†...............
.##.####.########
.##.# #.# ###
.##.# #.# #..
.##.# #.# #.#
.##.# #.# #.#
###.####.# #5#
.........# #g#
....###### #@#
#...## #.# .....#
#######.# .....#
#...)...# .....#
#.####### #...##
#.# ##.## #.# #.#
#.# #.# #.#


You could see a gnoll (ally target) and a friendly shadow imp (summoned).

Vanquished Creatures
  2 gnolls (D:2)
  2 adders (D:2)
  A dart slug (D:1)
  2 ball pythons (D:1)
  5 endoplasms (D:1)
  5 giant cockroaches (D:1)
  A goblin (D:1)
  5 hobgoblins
  2 jackals (D:1)
  2 quokkas
  A bat (D:1)
  A frilled lizard (D:1)
  A kobold (D:2)
  4 rats
34 creatures vanquished.

Notes
Turn   | Place    | Note
-------+----------+-------------------------------------------
     0 | D:1      | Asfel the Demonspawn Monk began the quest for the Orb.
     0 | D:1      | Reached XP level 1. HP: 18/18 MP: 1/1
    98 | D:1      | Gained mutation: A weak demonic guardian rushes to your
                  | aid. [demonic ancestry]
    98 | D:1      | Reached XP level 2. HP: 10/24 MP: 2/2
   357 | D:1      | Gained mutation: You are partially covered in sharp spines.
                  | [demonic ancestry]
   357 | D:1      | Reached XP level 3. HP: 28/29 MP: 3/3
  1233 | D:2      | Gained mutation: You have a pair of small horns on your
                  | head. [demonic ancestry]
  1233 | D:2      | Reached XP level 4. HP: 35/36 MP: 4/4
  1300 | D:2      | Slain by a gnoll

Illustrated notes

Levels and vault maps discovered:
D:1:      scummos_arrival_hexagon, layout_basic
D:2:      layout_loops_ring

Skill      XL: |  1  2 |
---------------+-------+-----
Dodging        | 3 |  3.4
Unarmed Combat | 3 |  3.7
Fighting       | |  3.6
Stealth        | |  0.4

Action                     |  1- 3 |  4- 6 || total
---------------------------+-------+-------++-------
  Melee: Unarmed           |   114 |    12 ||   126
         Punch             |     3 |       ||     3
         Headbutt          |       |     3 ||     3
   Stab: Sleeping          |     2 |       ||     2
 Armour: Robe              |    52 |    11 ||    63
  Dodge: Dodged            |    91 |     3 ||    94

Table legend: (Time is in decaauts)
 A = Elapsed time spent in this place.
 B = Non-inter-level travel time spent in this place.
 C = Inter-level travel time spent in this place.
 D = Time resting spent in this place.
 E = Time spent auto-exploring this place.
 F = Levels seen in this place.
 G = Mean time per level.
                   A        B        C        D        E       F      G
               +--------+--------+--------+--------+--------+-----+--------+
         Total |   1292 |   1179 |    113 |      0 |    893 |   2 |  646.0 |
       Dungeon |   1292 |   1179 |    113 |      0 |    893 |   2 |  646.0 |
               +--------+--------+--------+--------+--------+-----+--------+

Top non-repeatable levels by time:
     D:1: 943 daAuts
     D:2: 349 daAuts
